[ AOE2 MATCH · #506190450 ]
UnrankedJapanese vs Mongols
Player's team · WIN
Rival team · LOSS
[ REPLAY ANALYSIS · EXTRACTED FROM THE RECORDED GAME ]
Feudal
9:27
Castle
30:03
Imperial
42:47
| APM avg | 25.3 |
| APM peak | 58 |
| eAPM avg | 15.5 |
| Villagers / military | 107 / 95 |
Focus
⚔️ 29.7% · 🌾 70.3%
Samurai ×40 · Spearman ×20 · Archer ×18 · Militia ×6 · Battering Ram ×4 · Knight ×3
Feudal
9:09
Castle
29:24
Imperial
—
| APM avg | 46.1 |
| APM peak | 94 |
| eAPM avg | 20.2 |
| Villagers / military | 136 / 63 |
Focus
⚔️ 27.3% · 🌾 72.7%
Steppe Lancer ×42 · Mangudai ×11 · Scout Cavalry ×4 · Mangonel ×3 · Cavalry Archer ×2 · Battering Ram ×1
Match map
Initial resources + every placement click. Lines = walls · curves = elevation contours. ◆ gold · ⬟ stone · ● berries · ✦ relic · ◌ wall gap
Your base· ✓ Closed at 30:03 · 16t walls · fragile
Qars's base· ✓ Closed at 29:24 · 59t walls · fragile
Smoothed initial terrain · ◌ = detected wall gap · hover for details
Inputs per minute
— Kinait - - Qars
Build order — Kinait
First 150 of 377 actions detected
| 0:01 | Queue | Villager (Male) |
| 0:01 | Queue | Villager (Male) |
| 0:01 | Queue | Villager (Male) |
| 0:02 | Build | House |
| 0:04 | Build | House |
| 0:08 | Queue | Villager (Male) |
| 0:09 | Queue | Villager (Male) |
| 1:25 | Queue | Villager (Male) |
| 1:47 | Build | Lumber Camp |
| 2:00 | Queue | Villager (Male) |
| 2:15 | Queue | Villager (Male) |
| 2:15 | Queue | Villager (Male) |
| 2:36 | Build | House |
| 2:50 | Queue | Villager (Male) |
| 2:58 | Queue | Villager (Male) |
| 3:42 | Queue | Villager (Male) |
| 4:14 | Queue | Villager (Male) |
| 4:18 | Build | Mill |
| 4:29 | Queue | Villager (Male) |
| 4:34 | Queue | Villager (Male) |
| 4:34 | Queue | Villager (Male) |
| 5:32 | Queue | Villager (Male) |
| 5:48 | Build | Palisade Wall |
| 6:10 | Queue | Villager (Male) |
| 6:27 | Build | Barracks |
| 6:51 | Research | Loom |
| 7:17 | Research | Feudal Age |
| 7:17 | Research | Feudal Age |
| 7:54 | Build | Mining Camp |
| 7:56 | Queue | Militia |
| 7:57 | Queue | Militia |
| 8:02 | Build | House |
| 8:20 | Build | Mining Camp |
| 8:34 | Queue | Militia |
| 9:00 | Queue | Militia |
| 9:19 | Queue | Villager (Male) |
| 9:27 | Age | Feudal Age |
| 9:31 | Queue | Militia |
| 10:00 | Queue | Villager (Male) |
| 10:04 | Build | House |
| 10:04 | Build | House |
| 10:21 | Research | Man-at-Arms (upgrade) |
| 10:46 | Queue | Militia |
| 10:52 | Build | Watch Tower |
| 11:00 | Queue | Villager (Male) |
| 11:18 | Build | Farm |
| 11:19 | Build | Farm |
| 11:20 | Queue | Villager (Male) |
| 11:30 | Build | Blacksmith |
| 12:10 | Queue | Villager (Male) |
| 12:45 | Queue | Villager (Male) |
| 12:52 | Queue | Villager (Male) |
| 13:13 | Queue | Villager (Male) |
| 13:15 | Build | Farm |
| 13:16 | Build | Farm |
| 13:18 | Build | House |
| 13:22 | Queue | Villager (Male) |
| 13:31 | Build | Watch Tower |
| 14:06 | Research | Fletching |
| 14:09 | Build | Farm |
| 14:32 | Build | House |
| 14:44 | Queue | Villager (Male) |
| 15:05 | Research | Scale Mail Armor |
| 15:17 | Build | Watch Tower |
| 15:23 | Build | House |
| 15:30 | Build | Lumber Camp |
| 15:39 | Queue | Villager (Male) |
| 15:48 | Build | Palisade Wall |
| 15:56 | Build | Palisade Wall |
| 15:58 | Build | Palisade Wall |
| 16:06 | Queue | Spearman |
| 16:06 | Queue | Spearman |
| 16:12 | Build | Palisade Wall |
| 16:27 | Build | Watch Tower |
| 16:30 | Queue | Villager (Male) |
| 16:38 | Build | Farm |
| 16:43 | Build | Farm |
| 16:53 | Build | Palisade Wall |
| 17:12 | Queue | Villager (Male) |
| 17:18 | Build | Palisade Wall |
| 17:29 | Build | Watch Tower |
| 17:32 | Queue | Villager (Male) |
| 17:41 | Build | House |
| 18:00 | Build | Watch Tower |
| 18:05 | Queue | Villager (Male) |
| 18:12 | Build | Archery Range |
| 18:23 | Queue | Villager (Male) |
| 18:49 | Queue | Villager (Male) |
| 19:29 | Queue | Villager (Male) |
| 19:35 | Queue | Archer |
| 19:35 | Queue | Archer |
| 19:48 | Queue | Villager (Male) |
| 19:59 | Build | Archery Range |
| 20:06 | Queue | Villager (Male) |
| 20:08 | Build | Farm |
| 20:10 | Build | Farm |
| 20:23 | Build | Farm |
| 20:31 | Research | Double-Bit Axe |
| 20:32 | Research | Double-Bit Axe |
| 20:43 | Queue | Archer |
| 20:45 | Queue | Villager (Male) |
| 21:08 | Queue | Villager (Male) |
| 21:11 | Build | Farm |
| 21:14 | Build | Farm |
| 21:17 | Queue | Archer |
| 21:24 | Queue | Villager (Male) |
| 21:27 | Build | Farm |
| 21:29 | Queue | Archer |
| 21:36 | Queue | Archer |
| 21:47 | Build | Watch Tower |
| 21:59 | Queue | Archer |
| 22:01 | Queue | Villager (Male) |
| 22:01 | Queue | Archer |
| 22:05 | Build | House |
| 22:42 | Build | Watch Tower |
| 22:45 | Queue | Archer |
| 22:46 | Queue | Villager (Male) |
| 22:47 | Queue | Archer |
| 23:03 | Build | House |
| 23:06 | Build | Farm |
| 23:07 | Build | Farm |
| 23:08 | Build | Farm |
| 23:16 | Queue | Archer |
| 23:45 | Build | Watch Tower |
| 23:49 | Queue | Archer |
| 23:50 | Queue | Villager (Male) |
| 23:51 | Queue | Archer |
| 24:09 | Queue | Archer |
| 24:11 | Queue | Villager (Male) |
| 24:15 | Build | Farm |
| 24:15 | Build | Farm |
| 24:17 | Queue | Villager (Male) |
| 24:20 | Build | House |
| 24:21 | Build | House |
| 24:22 | Build | House |
| 24:46 | Build | Watch Tower |
| 24:54 | Research | Wheelbarrow |
| 24:59 | Build | Farm |
| 25:25 | Build | Farm |
| 25:32 | Research | Horse Collar |
| 25:33 | Research | Horse Collar |
| 25:37 | Queue | Archer |
| 26:06 | Queue | Villager (Male) |
| 27:20 | Queue | Villager (Male) |
| 27:23 | Research | Castle Age |
| 27:23 | Research | Castle Age |
| 27:27 | Build | House |
| 27:32 | Build | House |
| 27:44 | Build | Mining Camp |
| 27:55 | Build | Watch Tower |
Build order — Qars
First 150 of 382 actions detected
| 0:00 | Queue | Villager (Male) |
| 0:03 | Build | House |
| 0:04 | Queue | Villager (Male) |
| 0:06 | Build | House |
| 0:06 | Queue | Villager (Male) |
| 0:06 | Queue | Villager (Male) |
| 1:26 | Queue | Villager (Male) |
| 1:26 | Queue | Villager (Male) |
| 1:58 | Build | Lumber Camp |
| 1:59 | Queue | Villager (Male) |
| 2:16 | Queue | Villager (Male) |
| 2:51 | Queue | Villager (Male) |
| 3:11 | Queue | Villager (Male) |
| 3:11 | Queue | Villager (Male) |
| 3:23 | Build | House |
| 4:04 | Queue | Villager (Male) |
| 4:04 | Queue | Villager (Male) |
| 4:10 | Queue | Villager (Male) |
| 4:19 | Queue | Villager (Male) |
| 4:20 | Queue | Villager (Male) |
| 4:25 | Build | Mill |
| 4:41 | Queue | Villager (Male) |
| 5:06 | Queue | Villager (Male) |
| 5:47 | Queue | Villager (Male) |
| 6:06 | Research | Loom |
| 6:15 | Queue | Villager (Male) |
| 6:39 | Research | Feudal Age |
| 7:45 | Build | Barracks |
| 7:48 | Build | House |
| 9:07 | Queue | Villager (Male) |
| 9:09 | Age | Feudal Age |
| 9:11 | Build | Stable |
| 9:13 | Research | Double-Bit Axe |
| 9:20 | Queue | Villager (Male) |
| 9:23 | Build | House |
| 9:26 | Build | Palisade Wall |
| 9:53 | Build | Palisade Wall |
| 10:07 | Build | Palisade Wall |
| 10:17 | Queue | Scout Cavalry |
| 10:19 | Build | House |
| 10:22 | Build | Palisade Wall |
| 10:34 | Queue | Villager (Male) |
| 10:41 | Build | Palisade Wall |
| 10:44 | Build | Mill |
| 10:47 | Queue | Villager (Male) |
| 10:49 | Queue | Villager (Male) |
| 10:50 | Queue | Scout Cavalry |
| 10:59 | Build | Palisade Wall |
| 11:01 | Build | Palisade Wall |
| 11:04 | Build | Palisade Wall |
| 11:07 | Build | Palisade Wall |
| 11:09 | Build | Palisade Wall |
| 11:11 | Build | Palisade Wall |
| 11:13 | Build | Palisade Wall |
| 11:16 | Build | Palisade Wall |
| 11:20 | Build | House |
| 11:25 | Build | House |
| 11:27 | Build | House |
| 11:39 | Queue | Villager (Male) |
| 11:45 | Queue | Scout Cavalry |
| 11:53 | Queue | Villager (Male) |
| 12:10 | Build | Mining Camp |
| 12:17 | Build | Watch Tower |
| 12:51 | Queue | Villager (Male) |
| 12:56 | Build | Palisade Wall |
| 12:58 | Queue | Villager (Male) |
| 13:01 | Queue | Villager (Male) |
| 13:11 | Build | Lumber Camp |
| 13:12 | Queue | Villager (Male) |
| 13:42 | Build | Farm |
| 13:58 | Build | Farm |
| 14:05 | Queue | Villager (Male) |
| 14:32 | Build | Lumber Camp |
| 14:44 | Queue | Villager (Male) |
| 14:57 | Build | Watch Tower |
| 15:11 | Queue | Villager (Male) |
| 15:27 | Build | Farm |
| 15:29 | Build | Farm |
| 15:36 | Build | Palisade Wall |
| 15:48 | Queue | Villager (Male) |
| 16:13 | Queue | Villager (Male) |
| 16:19 | Build | Farm |
| 16:21 | Build | Farm |
| 16:24 | Build | Farm |
| 16:39 | Queue | Villager (Male) |
| 16:47 | Build | Blacksmith |
| 17:03 | Build | Watch Tower |
| 17:14 | Queue | Villager (Male) |
| 17:29 | Build | House |
| 18:01 | Research | Fletching |
| 18:28 | Build | House |
| 18:30 | Build | House |
| 18:40 | Build | Watch Tower |
| 19:08 | Queue | Villager (Male) |
| 19:18 | Queue | Villager (Male) |
| 19:22 | Build | Mill |
| 19:24 | Build | Farm |
| 19:24 | Build | Farm |
| 19:24 | Build | Farm |
| 19:24 | Build | Farm |
| 19:25 | Build | Farm |
| 19:25 | Build | Farm |
| 19:29 | Build | House |
| 19:31 | Build | House |
| 19:34 | Queue | Villager (Male) |
| 19:40 | Queue | Villager (Male) |
| 19:51 | Queue | Villager (Male) |
| 20:13 | Build | Stable |
| 20:38 | Queue | Villager (Male) |
| 20:44 | Build | Farm |
| 20:48 | Build | Farm |
| 21:01 | Queue | Villager (Male) |
| 21:11 | Build | Farm |
| 21:18 | Build | Farm |
| 21:23 | Queue | Villager (Male) |
| 21:46 | Build | Watch Tower |
| 21:49 | Build | Mining Camp |
| 22:00 | Build | Farm |
| 22:02 | Queue | Villager (Male) |
| 22:07 | Build | Farm |
| 22:24 | Build | House |
| 22:31 | Queue | Villager (Male) |
| 22:52 | Build | Watch Tower |
| 23:01 | Queue | Villager (Male) |
| 23:04 | Research | Town Watch |
| 23:21 | Queue | Villager (Male) |
| 23:31 | Queue | Villager (Male) |
| 23:39 | Queue | Villager (Male) |
| 23:41 | Queue | Villager (Male) |
| 23:47 | Build | Watch Tower |
| 23:56 | Research | Wheelbarrow |
| 24:03 | Queue | Villager (Male) |
| 24:35 | Queue | Villager (Male) |
| 24:46 | Build | Farm |
| 24:50 | Build | Farm |
| 25:35 | Build | House |
| 25:39 | Queue | Villager (Male) |
| 25:45 | Build | Farm |
| 25:46 | Research | Horse Collar |
| 25:49 | Build | Blacksmith |
| 25:53 | Build | Market |
| 26:03 | Research | Gold Mining |
| 26:21 | Build | Farm |
| 26:45 | Research | Castle Age |
| 26:53 | Build | Market |
| 27:07 | Build | Stable |
| 27:10 | Research | Scale Barding Armor |
| 27:31 | Build | Farm |
| 27:33 | Queue | Villager (Male) |
| 27:59 | Research | Forging |
Match timeline
| 5:48 | Kinait · wall_segment Palisade Wall x1 |
| 6:27 | Kinait · first_building Barracks |
| 7:45 | Qars · first_building Barracks |
| 9:09 | Qars · age_up feudal |
| 9:11 | Qars · first_building Stable |
| 9:26 | Qars · wall_segment Palisade Wall x7 |
| 9:27 | Kinait · age_up feudal |
| 9:53 | Qars · wall_segment Palisade Wall x1 |
| 10:07 | Qars · wall_segment Palisade Wall x1 |
| 10:22 | Qars · wall_segment Palisade Wall x10 |
| 10:41 | Qars · wall_segment Palisade Wall x2 |
| 10:59 | Qars · wall_segment Palisade Wall x1 |
| 11:01 | Qars · wall_segment Palisade Wall x1 |
| 11:04 | Qars · wall_segment Palisade Wall x1 |
| 11:07 | Qars · wall_segment Palisade Wall x1 |
| 11:09 | Qars · wall_segment Palisade Wall x1 |
| 11:11 | Qars · wall_segment Palisade Wall x1 |
| 11:13 | Qars · wall_segment Palisade Wall x1 |
| 11:16 | Qars · wall_segment Palisade Wall x1 |
| 12:56 | Qars · wall_segment Palisade Wall x20 |
| 15:36 | Qars · wall_segment Palisade Wall x10 |
| 15:48 | Kinait · wall_segment Palisade Wall x3 |
| 15:56 | Kinait · wall_segment Palisade Wall x4 |
| 15:58 | Kinait · wall_segment Palisade Wall x4 |
| 16:12 | Kinait · wall_segment Palisade Wall x1 |
| 16:53 | Kinait · wall_segment Palisade Wall x2 |
| 17:18 | Kinait · wall_segment Palisade Wall x1 |
| 18:12 | Kinait · first_building Archery Range |
| 28:30 | Kinait · first_building Stable |
| 29:24 | Qars · age_up castle |
| 30:03 | Kinait · age_up castle |
| 30:12 | Kinait · first_building Siege Workshop |
| 31:10 | Kinait · wall_segment Palisade Wall x4 |
| 34:54 | Qars · first_market_buy 100 wood |
| 34:57 | Qars · first_building Siege Workshop |
| 36:27 | Qars · first_building Castle |
| 36:33 | Kinait · first_building Castle |
| 42:47 | Kinait · age_up imperial |
| 45:09 | Kinait · first_building Monastery |
| 51:10 | Qars · first_building Archery Range |
| 51:22 | Qars · first_building Monastery |
| 58:10 | Qars · resign |
[ AI ANALYSIS · 1 CREDIT ]
What really happened in this match?
Wolo.gg analyzes every decision: build order, eco, micro, common mistakes by bracket. Personalized analysis on WhatsApp or Discord in 30 seconds.
Civ guide
Japanese
Perfil
Jugador #87898